[Event "*** Titled Tuesday Blitz"]
[Site "Chess.com"]
[Date "2020.04.14"]
[Round "2"]
[White "aleksa74"]
[Black "Donseng"]
[Result "1-0"]
[WhiteElo "2736"]
[BlackElo "2518"]
[TimeControl "180+1"]
[EndTime "10:16:57 PDT"]
[Termination "aleksa74 won on time"]

1. e4 e6 2. d4 d5 3. Nd2 Nc6 4.
Ngf3 Nf6 5. e5 Nd7 6. Be2 f6 7. exf6 Qxf6 8. Nf1 Bd6 9. Ne3 O-O 10. O-O Ne7 11.
Bd3 h6 12. c4 c6 13. Qe2 Ng6 14. Ng4 Qf7 15. h3 Nf4 16. Bxf4 Bxf4 17. Rfe1 h5 18.
Nge5 Nxe5 19. Nxe5 Bxe5 20. Qxe5 Qxf2+ 21. Kh1 Qh4 22. Qd6 Qxd4 23. Rad1 Qf4 24. Re5 Qf6 25. Rf1 1-0

[Event "*** Titled Tuesday Blitz"]
[Site "Chess.com"]
[Date "2020.04.14"]
[Round "2"]
[White "Keaton87"]
[Black "RaphCamora"]
[Result "0-1"]
[WhiteElo "2668"]
[BlackElo "2425"]
[TimeControl "180+1"]
[EndTime "10:16:57 PDT"]
[Termination "RaphCamora won on time"]

1. d4 d5 2. c4 e6 3. Nc3 c6 4.
Nf3 dxc4 5. e3 b5 6. a4 Bb4 7. Bd2 a5 8. axb5 Bxc3 9. Bxc3 cxb5 10. b3 Bb7 11. bxc4 b4 12. Bb2 Nf6 13. Bd3 O-O 14.
O-O Qd6 15. c5 Qd5 16. Re1 Ne4 17. Qc2 Nd7 18. Bc4 Qc6 19. Qd3 Ng5 20. e4 Nxe4 21.
Bb5 Qd5 22. Bxd7 Qxd7 23. Rxe4 Bxe4 24. Qxe4 f6 25. c6 Qd5 26. Qc2 Rfc8 27. Rc1 a4 28. Ba1 b3 29. Qe2 a3 30. Rc5 Qd6 31. h3 Rxc6 32. Qc4 b2 0-1

[Event "*** Titled Tuesday Blitz"]
[Site "Chess.com"]
[Date "2020.04.14"]
[Round "2"]
[White "Vusatiuk_Vladimir"]
[Black "AlexandraBotez"]
[Result "1-0"]
[WhiteElo "2376"]
[BlackElo "1969"]
[TimeControl "180+1"]
[EndTime "10:16:57 PDT"]
[Termination "Vusatiuk_Vladimir won by resignation"]

1. e4 e6 2. d4 d5 3. Nd2 c5 4. exd5 exd5 5. Ngf3 Nc6 6. Bb5 Nf6 7. O-O Bd7 8. Re1+ Be7 9. dxc5 O-O 10. Nb3 a6 11.
Bd3 h6 12. h3 Be6 13. Be3 Qd7 14. Nfd4 Nxd4 15. Bxd4 Rac8 16. Qf3 Rfe8 17. Re2 Qc7 18. Rae1 Nd7 19. Bf5 Bxc5 20. Bxe6 fxe6 21. Rxe6 Rxe6 22.
Rxe6 Bxd4 23. Nxd4 Nf6 24. c3 Qa5 25. Nf5 Kf7 26.
Rxf6+ gxf6 27. Nd6+ Ke6 28. Nxc8 Qc7 29. Qg4+ Kf7 30.
Qf5 Qc6 31. Qh7+ Ke6 32. Qe7+ Kf5 33. Nd6+ Kg6 34. Qf7+ Kg5 35. h4+ Kxh4 36. Qxf6+ 1-0

[Event "*** Titled Tuesday Blitz"]
[Site "Chess.com"]
[Date "2020.04.14"]
[Round "2"]
[White "AliKa2810"]
[Black "Eltaj_Safarli"]
[Result "0-1"]
[WhiteElo "2618"]
[BlackElo "3067"]
[TimeControl "180+1"]
[EndTime "10:16:58 PDT"]
[Termination "Eltaj_Safarli won by resignation"]

1. d4 Nf6 2. c4 e6 3. Nf3 d5 4. Nc3 Be7 5. Bg5 h6 6. Bh4 O-O 7. e3 Ne4 8. Bxe7 Qxe7 9. Rc1 c6 10. Bd3 Nxc3 11. Rxc3 Nd7 12. O-O dxc4 13. Bxc4 e5 14. h3 e4 15. Nd2 Nf6 16. Qb3 Bf5 17. Qa3 Qd7 18. Rfc1 a5 19. Qc5 Be6 20. Bxe6 Qxe6 21. Rb3 Rfb8 22. Nc4 a4 23. Ra3 Nd5 24. Qd6 Qe8 25.
b3 axb3 26. axb3 Rxa3 27. Qxa3 Ra8 28. Qc5 Qd8 29. Qd6 Qg5 30. Ne5 Nxe3 31. fxe3 Qxe3+ 32. Kh2 Qf4+ 0-1

[Event "*** Titled Tuesday Blitz"]
[Site "Chess.com"]
[Date "2020.04.14"]
[Round "2"]
[White "MilanovicDan"]
[Black "gixfantastix"]
[Result "1-0"]
[WhiteElo "2397"]
[BlackElo "2094"]
[TimeControl "180+1"]
[EndTime "10:16:58 PDT"]
[Termination "MilanovicDan won on time"]

1. d4 Nf6 2. c4 g6 3. Nc3 d5 4. Bf4 c6 5. e3 Bg7 6. Bd3 O-O 7. h3 c5 8. dxc5 Qa5 9. Rc1 dxc4 10. Bxc4 Ne4 11. Ne2 Nd7 12. O-O Ndxc5 13. a3 Rd8 14. Nd5 Be6 15. b4 Qxa3 16. bxc5 Bxd5 17. Bxd5 e6 18. Qb3 Qxb3 19. Bxb3 Nd2 20. Ba4 Nxf1 21. Kxf1 Rdc8 22. c6 b6 23. c7 a6 24. Bd7 e5 25. Bg3 b5 26. e4 f6 27. f3 Bf8 28.
Be1 Ba3 29. Rc2 b4 30. Nc1 a5 31. Ke2 Kf7 32. Kd3 Ke7 33. Bxc8 Rxc8 34. Rc4 Kd7 35. Nb3 a4 36. Nc5+ Kxc7 37. Nxa4+ Kb7 38. Rxc8 Kxc8 39. Kc4 Kd7 40. Bxb4 Bc1 41. Nc5+ Ke8 42. Kd5 Kf7 43. Kd6 Bh6 44. Kd7 Bf8 45. Nd3 Bh6 46. Bd6 Be3 47. Nb4 Bd4 48. Nd5 Bb2 49. Be7 f5 50. Bf6 fxe4 51.
fxe4 1-0

[Event "*** Titled Tuesday Blitz"]
[Site "Chess.com"]
[Date "2020.04.14"]
[Round "2"]
[White "AshotParvanyan"]
[Black "Maghalashvili"]
[Result "0-1"]
[WhiteElo "2586"]
[BlackElo "2877"]
[TimeControl "180+1"]
[EndTime "10:16:59 PDT"]
[Termination "Maghalashvili won on time"]

1. Nf3 c5 2. c4 g6 3. e4 Bg7 4. d4 cxd4 5. Nxd4 Nc6 6. Nc2 Nf6 7. Nc3 O-O 8. Be2 d6 9. O-O Be6 10. Bd2 Rc8 11. b3 Nd7 12. Rc1 Nc5 13. Re1 a5 14.
Bf1 f5 15. exf5 Bxf5 16. Ne3 Bd3 17. Ned5 Bxf1 18. Rxf1 e6 19. Nf4 Qh4 20. Be3 Rxf4 21. g3 Rg4 22. Qxd6 Bf8 23. Qd2 Qh5 24. Nb5 Rd8 25.
Qc2 Nb4 26. Qb1 Qf5 27. h3 Qxb1 28. Rxb1 Re4 29. Rfd1 Rxd1+ 30. Rxd1 Nxa2 31. Rd8 Kg7 32. Rc8 Nxb3 33. Rc7+ Kf6 34. Rxb7 Rxc4 35. h4 a4 36. Bg5+ Ke5 37. Rf7 Bc5 38. Bf6+ Ke4 39. Kg2 Rc2 40.
Bg5 e5 41. Rf3 Nb4 42. Rf7 Nd3 43. Rd7 Rxf2+ 0-1

[Event "*** Titled Tuesday Blitz"]
[Site "Chess.com"]
[Date "2020.04.14"]
[Round "2"]
[White "Eltarolo"]
[Black "jacky72"]
[Result "0-1"]
[WhiteElo "2331"]
[BlackElo "2691"]
[TimeControl "180+1"]
[EndTime "10:16:59 PDT"]
[Termination "jacky72 won by resignation"]

1. e4 e5 2. Nf3 Nc6 3. Bb5 a6 4.
Ba4 d6 5. O-O Bd7 6. c3 g6 7. d4 Bg7 8. h3 Nf6 9. Re1 O-O 10.
Nbd2 Re8 11. dxe5 Nxe5 12. Nxe5 Rxe5 13. Bxd7 Qxd7 14. f3 Rae8 15. Nc4 R5e7 16. Bd2 d5 17. exd5 Qxd5 18. Rxe7 Rxe7 19. Ne3 Qd3 20. Nf1 h6 21. Bf4 Qb5 22. Qd8+ Re8 23. Qxc7 Qxb2 24. Rd1 Re2 25. Rd2 Rxd2 26. Nxd2 b5 27. c4 bxc4 28. Qxc4 Nh5 29. Be3 a5 30. Ne4 Qb1+ 31. Kh2 Qb8+ 32. Kg1 Ng3 33.
Nxg3 Qxg3 34. Qc5 a4 35. Bf2 Qf4 36. a3 Bf8 37. Qc2 Bxa3 38. Kh1 Qc1+ 39. Qxc1 Bxc1 40. Bd4 a3 41. Kg1 Bb2 42. Be3 a2 43. Bxh6 a1=Q+ 44. Kh2 Be5+ 0-1

[Event "*** Titled Tuesday Blitz"]
[Site "Chess.com"]
[Date "2020.04.14"]
[Round "2"]
[White "Skatchkov_V"]
[Black "Misticpikachu"]
[Result "1-0"]
[WhiteElo "2546"]
[BlackElo "2288"]
[TimeControl "180+1"]
[EndTime "10:17:00 PDT"]
[Termination "Skatchkov_V won on time"]

1. d4 d5 2. c4 e6 3. Nf3 Nf6 4.
g3 Be7 5. Bg2 O-O 6. O-O dxc4 7.
Nc3 c5 8. dxc5 Bxc5 9. Ne5 Nc6 10. Nxc4 Bd7 11. a3 a6 12. b4 Ba7 13. Bb2 Rc8 14. Nd6 Rc7 15. Na4 Ne7 16. Nxb7 Bxa4 17. Qxd8 Rxd8 18. Nxd8 Ned5 19. Rac1 Rd7 20. Nc6 Bb6 21.
Ne5 Rd8 22. Rfd1 Re8 23. Rd2 a5 24. e4 Ne7 25. Nc4 Bd8 26. Nxa5 h6 27. e5 Nfd5 28.
Nc4 Nf5 29. Nd6 Nxd6 30. exd6 Bg5 31. f4 Bd8 32. Bxd5 exd5 33. Bd4 Re6 34. Rc8 Rxd6 35. Bc5 Rd7 36. Bb6 1-0

[Event "*** Titled Tuesday Blitz"]
[Site "Chess.com"]
[Date "2020.04.14"]
[Round "2"]
[White "maxsergej"]
[Black "TregubovP"]
[Result "0-1"]
[WhiteElo "2237"]
[BlackElo "2491"]
[TimeControl "180+1"]
[EndTime "10:17:00 PDT"]
[Termination "TregubovP won on time"]

1. e4 e6 2. d4 d5 3. Nd2 c5 4. exd5 exd5 5. Ngf3 Nc6 6. Bb5 Qe7+ 7. Qe2 Qxe2+ 8.
Kxe2 a6 9. Bxc6+ bxc6 10. dxc5 Bxc5 11. Nb3 Bd6 12. Be3 Nf6 13. h3 a5 14. a4 Ba6+ 15. Kd1 Kd7 16. Nxa5 Rhb8 17. Nb3 Bc4 18. Nfd2 Rb4 19.
Nxc4 dxc4 20. Nd2 Rbxa4 21. Rxa4 Rxa4 22. Ke2 Nd5 23. Rd1 c3 24. b3 Ra2 25. Nc4 Rxc2+ 26. Kd3 Ra2 27. Nxd6 Kxd6 28. Kc4 Re2 29. Bd4 g6 30. Bxc3 Rxf2 31. g3 Rc2 32. Rd3 f5 33. Kd4 Rxc3 34. Rxc3 Nxc3 35. Kxc3 Kc5 0-1

[Event "*** Titled Tuesday Blitz"]
[Site "Chess.com"]
[Date "2020.04.14"]
[Round "2"]
[White "Gabrielian_Artur"]
[Black "gui_borba"]
[Result "1-0"]
[WhiteElo "2675"]
[BlackElo "2366"]
[TimeControl "180+1"]
[EndTime "10:17:01 PDT"]
[Termination "Gabrielian_Artur won by checkmate"]

1. e4 c5 2. Nc3 e6 3. g3 d5 4. exd5 exd5 5. d4 c4 6. Bg2 Nf6 7. Bg5 Be6 8. Nge2 Be7 9. Nf4 Qd6 10. Bxf6 Bxf6 11. Nfxd5 Bxd5 12. Nxd5 O-O 13. O-O Nc6 14.
c3 Rfe8 15. Qf3 Bg5 16. h4 Bh6 17. Rfe1 Rad8 18. Re2 Rxe2 19. Qxe2 Na5 20. Re1 g6 21. Qe7 Qxe7 22. Rxe7 Bc1 23. b3 cxb3 24. axb3 Nxb3 25. Rxb7 Nd2 26. Rxa7 Nc4 27. h5 gxh5 28. Nf6+ Kg7 29.
Nxh5+ Kg6 30. Bf3 Re8 31. Ra6+ Kg5 32. Kg2 Nd2 33. Nf6 Re1 34. Nxh7+ Kf5 35. g4+ Kf4 36. Rf6# 1-0

[Event "*** Titled Tuesday Blitz"]
[Site "Chess.com"]
[Date "2020.04.14"]
[Round "2"]
[White "GMJustin"]
[Black "machupichu10"]
[Result "0-1"]
[WhiteElo "2315"]
[BlackElo "2800"]
[TimeControl "180+1"]
[EndTime "10:17:01 PDT"]
[Termination "machupichu10 won on time"]

1. e4 c5 2. Nf3 e6 3. d4 cxd4 4.
Nxd4 Nc6 5. Nc3 Qc7 6. Be3 Nf6 7. f4 a6 8. e5 Ng8 9. Qf3 Nxd4 10. Bxd4 Qc6 11. Qe3 Ne7 12. Bb6 Nf5 13. Qf2 Bb4 14. Bd3 Bxc3+ 15. bxc3 Qxc3+ 16. Ke2 d5 17. Qc5 Qxc5 18.
Bxc5 Ne7 19. c4 Bd7 20. Bxe7 Kxe7 21. cxd5 exd5 22. Rab1 b5 23. f5 Rhc8 24. Rhc1 g6 25. g4 h5 26. h3 hxg4 27. hxg4 d4 28. Be4 gxf5 0-1

[Event "*** Titled Tuesday Blitz"]
[Site "Chess.com"]
[Date "2020.04.14"]
[Round "2"]
[White "KingCrusher275"]
[Black "MikeSailer"]
[Result "0-1"]
[WhiteElo "2385"]
[BlackElo "2119"]
[TimeControl "180+1"]
[EndTime "10:17:01 PDT"]
[Termination "MikeSailer won by checkmate"]

1. d4 d5 2. c4 Bf5 3. Nc3 e6 4.
Nf3 Nc6 5. e3 Nb4 6. e4 dxe4 7.
Ne5 e3 8. Bd3 exf2+ 9. Kf1 Bxd3+ 10. Nxd3 Qxd4 11. Nxb4 Qxd1+ 12. Nxd1 Bxb4 13. Nxf2 O-O-O 14. Be3 a6 15. Ke2 Nf6 16. Nd3 Be7 17. Ne5 Rhf8 18. g4 Nd7 19. Nd3 h6 20. Rhf1 Bf6 21. Rab1 Ne5 22. Nxe5 Bxe5 23. Bc5 Bd6 24. Bd4 f6 25. c5 Bxh2 26. Be3 e5 27. Rf2 Bg3 28. Rf3 Bh4 29. b4 Bg5 30. b5 Bxe3 31. Rxe3 axb5 32. Rxb5 c6 33. Ra5 Kc7 34. Rea3 Rd4 35. Kf3 Rfd8 36. Ra7 Rf4+ 37. Kg3 Rdd4 38. Rb3 Rxg4+ 39. Kf3 Rb4 40. Ke3 Rxb3+ 41. axb3 Rb4 42. Ra3 h5 43. Kf3 g5 44.
Kg3 Rd4 45. Ra1 Rd3+ 46. Kg2 f5 47. Re1 e4 48. Rh1 h4 49. Re1 g4 50. Rf1 Rd2+ 51.
Kg1 Rd5 52. Rf4 Re5 53. b4 e3 54. Kf1 e2+ 55. Ke1 h3 56. Rf1 g3 57. Rg1 h2 58.
Rxg3 h1=Q+ 59. Kd2 e1=Q+ 60. Kd3 Qxg3+ 61. Kc4 Qe4# 0-1

[Event "*** Titled Tuesday Blitz"]
[Site "Chess.com"]
[Date "2020.04.14"]
[Round "2"]
[White "maxip32"]
[Black "EugeneRougon"]
[Result "0-1"]
[WhiteElo "2425"]
[BlackElo "2694"]
[TimeControl "180+1"]
[EndTime "10:17:02 PDT"]
[Termination "EugeneRougon won by resignation"]

1. e4 d6 2. d4 Nf6 3. Nc3 g6 4. f3 a6 5. Be3 b5 6. Qd2 Nbd7 7. g4 Nb6 8. b3 Bb7 9. g5 Nfd7 10. a4 b4 11. Nd1 a5 12. Nf2 Bg7 13. Rc1 c5 14. Ne2 O-O 15. Bg2 Ba6 16. d5 Re8 17. O-O e6 18. dxe6 Rxe6 19. Rfd1 c4 20. Nf4 Bc3 21. Nxe6 Bxd2 22. Nxd8 Bxe3 23. Nc6 Bb7 24. Ne7+ Kf8 25. Nd5 Nxd5 26. exd5 Bxc1 27. Rxc1 cxb3 28. cxb3 Bxd5 29. f4 Bxg2 30. Kxg2 Nc5 31. Rd1 Nxb3 32. Rxd6 Rb8 33. Ne4 Na1 34. Nf6 Ke7 35. Rd1 Nc2 36. Rb1 b3 37.
Rb2 Ne3+ 38. Kf3 Nc4 39. Rb1 b2 0-1

[Event "*** Titled Tuesday Blitz"]
[Site "Chess.com"]
[Date "2020.04.14"]
[Round "2"]
[White "CMS13"]
[Black "lhavas"]
[Result "0-1"]
[WhiteElo "2119"]
[BlackElo "2404"]
[TimeControl "180+1"]
[EndTime "10:17:02 PDT"]
[Termination "lhavas won by resignation"]

1. e4 Nf6 2. Nc3 d6 3. Bc4 g6 4.
d3 Bg7 5. f4 O-O 6. Nf3 c6 7.
Bb3 Bg4 8. O-O Nbd7 9. h3 Bxf3 10. Qxf3 Nc5 11. Kh1 Nxb3 12. axb3 b5 13. e5 dxe5 14.
fxe5 Nd5 15. Nxd5 Qxd5 16. Qxd5 cxd5 17. d4 Rfc8 18. c3 a5 19. Bg5 e6 20. Be7 a4 21.
bxa4 bxa4 22. Ra2 Bf8 23. Bxf8 Kxf8 24. Rfa1 Rc4 25. Kg1 Rb8 26. Kf2 a3 27. bxa3 Rxc3 28. Ke2 Ra8 29. a4 Ra5 30. Kd2 Rg3 31. Ke1 h5 32. Rb1 Rd3 33. Rd1 Rc3 34. Rb1 Rc4 35. Rb8+ Kg7 36. Rd2 Raxa4 37. Rb7 Rxd4 38. Rf2 Rf4 39.
Rxf4 Rxf4 40. Kd2 Re4 41. Kd3 Rxe5 42. Rb4 Rg5 43. g4 hxg4 44. hxg4 e5 0-1

[Event "*** Titled Tuesday Blitz"]
[Site "Chess.com"]
[Date "2020.04.14"]
[Round "2"]
[White "StockholmMissile"]
[Black "Izoria123"]
[Result "0-1"]
[WhiteElo "2419"]
[BlackElo "2781"]
[TimeControl "180+1"]
[EndTime "10:17:03 PDT"]
[Termination "Izoria123 won by resignation"]

1. d4 d6 2. c4 e5 3. Nf3 e4 4. Nfd2 f5 5. Nc3 Nf6 6. e3 c5 7. dxc5 dxc5 8. b3 g6 9. Bb2 Bg7 10. Qc2 O-O 11. Rd1 Qe7 12. Nd5 Qf7 13. Nb1 Nc6 14.
a3 Be6 15. Nbc3 Rad8 16. Nxf6+ Bxf6 17. Be2 Rxd1+ 18. Bxd1 Ne5 19. O-O Nd3 20. Ba1 Rd8 21. Be2 Rd7 22. Na4 b6 23. Bxf6 Qxf6 24. Qc3 Qxc3 25. Nxc3 Nb2 26. Rb1 Rd2 27. Kf1 Rc2 28.
Nd5 Kf7 29. g3 Bxd5 30. cxd5 Ke7 31. h4 Kd6 32. h5 Kxd5 33. h6 Ke5 34. Ke1 Kf6 35.
a4 a5 36. Kf1 Kg5 37. Bb5 Kxh6 38. Kg2 Kg5 39. Bc6 Nd3 40. Rf1 Ne5 41. Bd5 h5 42.
Rd1 Ng4 43. Rf1 Nxe3+ 0-1

[Event "*** Titled Tuesday Blitz"]
[Site "Chess.com"]
[Date "2020.04.14"]
[Round "2"]
[White "SuperCheese"]
[Black "Aronyak1"]
[Result "0-1"]
[WhiteElo "2521"]
[BlackElo "2739"]
[TimeControl "180+1"]
[EndTime "10:17:04 PDT"]
[Termination "Aronyak1 won on time"]

1. d4 d5 2. c4 e6 3. Nc3 c6 4. Nf3 dxc4 5. a4 Bb4 6. Bd2 a5 7. e4 b5 8. Be2 Bb7 9. O-O Nf6 10.
Qc2 Nbd7 11. Rfd1 h6 12. Rab1 O-O 13. e5 Nd5 14. axb5 cxb5 15. Nxb5 N7b6 16. Nc3 Rc8 17. Ra1 Qe7 18. Ne4 Rfd8 19. h3 Bxd2 20. Qxd2 a4 21. Nd6 Rxd6 22. exd6 Qxd6 23. Ne5 f6 24. Ng4 Nf4 25.
Bf1 Nfd5 26. Rac1 a3 27. Ne3 axb2 28. Qxb2 c3 29. Qb3 Rc7 30. Ra1 Nxe3 31. fxe3 Nd5 32.
Re1 f5 33. Ra7 c2 34. Rc1 Qc6 35. Kf2 f4 36. e4 Nf6 37. Bd3 Nxe4+ 38. Bxe4 Qxe4 39.
Rxb7 Rxb7 40. Qxc2 Qxd4+ 41. Kf1 Rb2 0-1

[Event "*** Titled Tuesday Blitz"]
[Site "Chess.com"]
[Date "2020.04.14"]
[Round "2"]
[White "MateSchmate"]
[Black "Zkid"]
[Result "0-1"]
[WhiteElo "2570"]
[BlackElo "2833"]
[TimeControl "180+1"]
[EndTime "10:17:05 PDT"]
[Termination "Zkid won by resignation"]

1. e4 e6 2. d4 d5 3. Bd3 dxe4 4. Bxe4 Nf6 5. Bf3 c5 6. Ne2 Nc6 7. Be3 cxd4 8. Nxd4 Ne5 9. Be2 Nd5 10. Bc1 Bc5 11. O-O O-O 12. Nb3 Be7 13. c4 Nb6 14. Qc2 Ng6 15. Be3 Bg5 16. Rd1 Qf6 17. Bc5 Rd8 18.
Nc3 Qf5 19. Qxf5 exf5 20. Rxd8+ Bxd8 21. Rd1 Be6 22. Nd5 Nxd5 23. cxd5 Bd7 24. g3 b6 25. Be3 Rc8 26. Rc1 Rxc1+ 27. Bxc1 Bf6 28. f4 Ne7 29. Bf3 Nc8 30. Kf2 Nd6 31. Nd2 Bd4+ 32. Ke2 Bb5+ 33. Kd1 Bg1 34. h3 Bh2 35. Nb3 Bxg3 36.
Nd4 Bf1 37. Bd2 Bxh3 38. Ke2 Bg4 39. Bb4 Bxf4 40. Nc6 a5 41. Ne7+ Kf8 42. Bxg4 fxg4 43. Bxd6 Bxd6 44. Nf5 Be5 45. b3 g6 46. Nh6 f5 47.
Ke3 Kg7 48. d6 Kxh6 49. d7 Bc7 0-1

[Event "*** Titled Tuesday Blitz"]
[Site "Chess.com"]
[Date "2020.04.14"]
[Round "2"]
[White "indfraeng"]
[Black "wnstop"]
[Result "1-0"]
[WhiteElo "2250"]
[BlackElo "2579"]
[TimeControl "180+1"]
[EndTime "10:17:05 PDT"]
[Termination "indfraeng won by resignation"]

1. d4 Nf6 2. c4 e6 3. g3 d5 4. Bg2 Be7 5. Nf3 O-O 6. O-O dxc4 7.
Ne5 Nc6 8. Nxc6 bxc6 9. Na3 Bxa3 10. bxa3 Nd5 11. Qa4 Nb6 12. Qd1 Rb8 13. Rb1 Bb7 14.
a4 Qe7 15. Qc2 a5 16. Bd2 e5 17. Bxa5 exd4 18. Bxb6 cxb6 19. Rxb6 Ba8 20. Rxb8 Rxb8 21. Qxc4 Qb4 22. Qa6 g6 23. Bxc6 Bxc6 24. Qxc6 Qb2 25. Qc4 Rb4 26. Qc8+ Kg7 27. a5 Qxe2 28. a6 Ra4 29. Qd8 Qxa6 30. Rd1 Qa7 31. Qd5 Rxa2 32. Rxd4 Ra1+ 33. Kg2 Qe7 34. Re4 Qf6 35. Rf4 Qe7 36.
Qd4+ Qe5 37. Qxe5+ 1-0

[Event "*** Titled Tuesday Blitz"]
[Site "Chess.com"]
[Date "2020.04.14"]
[Round "2"]
[White "AnishGiri"]
[Black "ftorodent"]
[Result "1/2-1/2"]
[WhiteElo "3018"]
[BlackElo "2641"]
[TimeControl "180+1"]
[EndTime "10:17:06 PDT"]
[Termination "Game drawn by repetition"]

1. d4 d5 2. c4 e6 3. Nf3 Nf6 4.
Nc3 Be7 5. Bg5 O-O 6. e3 h6 7.
Bh4 b6 8. Be2 Bb7 9. Bxf6 Bxf6 10. cxd5 exd5 11. b4 c6 12. O-O Qd6 13. Qb3 Nd7 14. Rfd1 Rfe8 15. a4 a5 16. bxa5 Rxa5 17. h3 Bd8 18. Rab1 Bc7 19. Qc2 Nf8 20. g3 g6 21. Bf1 Bc8 22. h4 Bg4 23. Ne5 Bxd1 24.
Rxd1 Qf6 25. Nxd5 cxd5 26. Qxc7 Rxa4 27. Bb5 Ra2 28. Ng4 Qf3 29. Bxe8 Qxd1+ 30. Kg2 Qxg4 31. Qxf7+ Kh8 32. Qxf8+ Kh7 33. Qf7+ Kh8 34. Qxd5 Ra7 35. Qc6 Kg7 36. Qxb6 Qe4+ 37. Kh2 Ra2 38. Qc7+ Kh8 39.
Qe5+ Qxe5 40. dxe5 Rxf2+ 41. Kg1 Rf3 42. Kg2 Rxe3 43.
Bxg6 Rxe5 44. Kf3 Kg7 45. Be4 Ra5 46. Kf4 Kf6 47. g4 Rc5 48. Bf5 Rc4+ 49. Be4 Rc5 50.
Bf5 Rc4+ 51. Be4 Rc5 1/2-1/2

[Event "*** Titled Tuesday Blitz"]
[Site "Chess.com"]
[Date "2020.04.14"]
[Round "2"]
[White "crywolf1986"]
[Black "crescentmoon2411"]
[Result "0-1"]
[WhiteElo "2594"]
[BlackElo "2907"]
[TimeControl "180+1"]
[EndTime "10:17:06 PDT"]
[Termination "crescentmoon2411 won by resignation"]

1. d4 Nf6 2. Nf3 g6 3. c4 Bg7 4. g3 O-O 5. Bg2 d6 6. O-O Nbd7 7.
Nc3 e5 8. e3 c6 9. b3 Re8 10. a4 exd4 11. exd4 Nf8 12. Bb2 Bf5 13. a5 a6 14. Qd2 Ne4 15. Nxe4 Bxe4 16. Rfe1 Qf6 17. Nh4 Bxg2 18. Nxg2 Ne6 19. h4 Nxd4 20. Bxd4 Qxd4 21. Rxe8+ Rxe8 22. Qxd4 Bxd4 23. Rd1 Bc5 24. Kf1 Bb4 25. Ne3 Re6 26. Ra1 Bc5 27. Ke2 Bxe3 28.
fxe3 Kf8 29. Ra4 Ke8 30. Rb4 Re7 31. Rb6 Kd8 32. b4 Kc7 33. b5 axb5 34. cxb5 c5 35.
Kd3 f5 36. Kd2 Re4 37. Kd3 Ra4 0-1

[Event "*** Titled Tuesday Blitz"]
[Site "Chess.com"]
[Date "2020.04.14"]
[Round "2"]
[White "cukus"]
[Black "Boudicca64"]
[Result "1-0"]
[WhiteElo "2393"]
[BlackElo "2061"]
[TimeControl "180+1"]
[EndTime "10:17:06 PDT"]
[Termination "cukus won on time"]

1. e4 c5 2. Nf3 Nc6 3. d4 cxd4 4. Nxd4 g6 5. c4 Bg7 6. Be3 Nf6 7. Nc3 a5 8. Be2 d6 9. O-O O-O 10. f3 Bd7 11.
Qd2 a4 12. Rac1 a3 13. b3 Rc8 14. Rfd1 Re8 15. Ncb5 Ne5 16. Nxa3 e6 17. Nab5 Qe7 18. Qb4 d5 19. Qxe7 Rxe7 20. Nd6 Ra8 21. c5 Rxa2 22. Nxb7 Nc6 23. Nxc6 Bxc6 24. Nd8 Ba8 25. c6 Ne8 26. Bf1 Bf6 27. Bb6 dxe4 28. fxe4 1-0

[Event "*** Titled Tuesday Blitz"]
[Site "Chess.com"]
[Date "2020.04.14"]
[Round "2"]
[White "Vincent_Vega95"]
[Black "Gubajdullin"]
[Result "1-0"]
[WhiteElo "2768"]
[BlackElo "2529"]
[TimeControl "180+1"]
[EndTime "10:17:07 PDT"]
[Termination "Vincent_Vega95 won on time"]

1. d4 Nf6 2. c4 g6 3. Nc3 Bg7 4. e4 d6 5. Nf3 O-O 6. Be2 e5 7.
O-O Nc6 8. d5 Ne7 9. Nd2 c5 10.
a3 Ne8 11. b4 b6 12. Bb2 f5 13.
exf5 gxf5 14. f4 exf4 15. Rxf4 Ng6 16. Rf1 Bd4+ 17. Kh1 Qf6 18. Qc2 f4 19. Nce4 Qg7 20. Bxd4 cxd4 21. Nf3 Bf5 22. Bd3 a5 23. Neg5 Bxd3 24.
Qxd3 Ne5 25. Qxd4 Nxf3 26. Nxf3 Qxd4 27. Nxd4 axb4 28. axb4 Rxa1 29. Rxa1 Nf6 30. Rf1 Rc8 31. Nc6 Ra8 32. g3 Nh5 33. g4 Nf6 34. Rxf4 Kg7 35. Ne7 Ra2 36. h4 Rb2 37. b5 Rc2 38. Nf5+ Kg6 39.
Nxd6 h5 40. gxh5+ Nxh5 41. Rg4+ Kf6 42. c5 bxc5 43. b6 Rb2 44. b7 1-0

[Event "*** Titled Tuesday Blitz"]
[Site "Chess.com"]
[Date "2020.04.14"]
[Round "2"]
[White "Stormeman100100"]
[Black "CarlosAlbornoz"]
[Result "0-1"]
[WhiteElo "2455"]
[BlackElo "2703"]
[TimeControl "180+1"]
[EndTime "10:17:07 PDT"]
[Termination "CarlosAlbornoz won by resignation"]

1. e4 c5 2. Nf3 d6 3. d4 cxd4 4. Nxd4 Nf6 5. Nc3 a6 6. f3 e5 7. Nb3 Be6 8. Be3 h5 9. Nd5 Bxd5 10. exd5 g6 11. Qd2 Nbd7 12. O-O-O Bg7 13. Kb1 O-O 14.
Be2 Qc7 15. g4 hxg4 16. fxg4 Ne4 17. Qe1 Rac8 18. Bd3 Nec5 19. Nxc5 Nxc5 20. Bxc5 Qxc5 21. Qe4 f5 22. gxf5 gxf5 23. Qh4 e4 24. Rhg1 Rc7 25.
Qh6 exd3 26. Qe6+ Kh8 27. c3 Rcf7 28. Rg3 Qf2 29. Rh3+ Kg8 30. Rdxd3 f4 31. Qg6 Re8 32. Qh7+ Kf8 33. Rd1 Re2 0-1

[Event "*** Titled Tuesday Blitz"]
[Site "Chess.com"]
[Date "2020.04.14"]
[Round "2"]
[White "Angel_Hranitel_37"]
[Black "VincentKeymer"]
[Result "1-0"]
[WhiteElo "2374"]
[BlackElo "2656"]
[TimeControl "180+1"]
[EndTime "10:17:07 PDT"]
[Termination "Angel_Hranitel_37 won by resignation"]

1. d4 Nf6 2. c4 e6 3. Nf3 b6 4. g3 Ba6 5. Qc2 c5 6. Bg2 Bb7 7. O-O cxd4 8. Nxd4 Bxg2 9. Kxg2 Bc5 10. e3 Bxd4 11.
exd4 O-O 12. b3 Nc6 13. Bb2 d5 14. c5 Rc8 15. Nd2 a5 16. Rac1 bxc5 17. dxc5 e5 18. Qf5 d4 19. Nc4 Qd5+ 20. Kg1 Rce8 21. Rfd1 Re6 22.
Ne3 Qd7 23. Ng4 Nxg4 24. Qxg4 f5 25. Qe2 Qd5 26. Qc4 Rd8 27. a3 d3 28. Rxd3 Qxc4 29. Rxd8+ Nxd8 30. Rxc4 e4 31. b4 axb4 32. axb4 Ra6 33.
b5 Ra2 34. c6 Ne6 35. Be5 f4 36. c7 1-0

[Event "*** Titled Tuesday Blitz"]
[Site "Chess.com"]
[Date "2020.04.14"]
[Round "2"]
[White "RaunakSadhwani2005"]
[Black "JakeCarlosBanawa"]
[Result "1-0"]
[WhiteElo "2821"]
[BlackElo "2348"]
[TimeControl "180+1"]
[EndTime "10:17:07 PDT"]
[Termination "RaunakSadhwani2005 won by resignation"]

1. c4 Nf6 2. Nc3 e6 3. e4 d5 4. cxd5 exd5 5. e5 Ne4 6. Nf3 c5 7. d3 Nxc3 8. bxc3 Be7 9. d4 b6 10.
Bb5+ Bd7 11. Bd3 O-O 12. h4 h6 13. Be3 Bg4 14. Qb1 Nc6 15. Bh7+ Kh8 16. Bf5 Bxf5 17.
Qxf5 Qc8 18. Qf4 Qe6 19. O-O f6 20. Qg3 fxe5 21. Nxe5 Nxe5 22. dxe5 Rad8 23. Rad1 Qf5 24. f4 Qh5 25. Bf2 Qe2 26. Qg6 Qxa2 27. f5 Qc2 28.
Be3 Qe4 29. Rde1 Qxh4 30. Qe6 Bg5 31. Bxg5 Qxg5 32. f6 Rde8 33. Qd6 gxf6 34. exf6 Kg8 35. f7+ 1-0

[Event "*** Titled Tuesday Blitz"]
[Site "Chess.com"]
[Date "2020.04.14"]
[Round "2"]
[White "jk13"]
[Black "fugadelafuga"]
[Result "0-1"]
[WhiteElo "2792"]
[BlackElo "2363"]
[TimeControl "180+1"]
[EndTime "10:17:07 PDT"]
[Termination "fugadelafuga won by resignation"]

1. e4 c5 2. c3 Nf6 3. e5 Nd5 4.
Bc4 Nb6 5. Bb3 d5 6. exd6 Qxd6 7. Nf3 c4 8. Bc2 Bg4 9. Qe2 Nc6 10. Na3 Qe6 11. Qxe6 Bxe6 12. Ng5 Bd5 13. O-O e5 14. b3 Be7 15. Re1 Bxg5 16. Nb5 O-O-O 17. bxc4 Bxc4 18. a4 Bxd2 19. Rd1 Bxc1 20. Rdxc1 Na5 21. Nxa7+ Kc7 22. Nb5+ Bxb5 23. axb5 Nac4 24. Bb3 Ra8 25. Rab1 Nd2 26. Rb2 Nxb3 27. Rxb3 Rhd8 28. c4 Rd4 29. c5 Nd5 30.
h3 Raa4 31. Rc2 Rab4 32. Rg3 g6 33. c6 Rbc4 34. Ra2 Ra4 35. Rc2 b6 36. Kh2 f5 37.
Rb3 Rab4 38. Ra3 Ra4 39. Rb3 Rdb4 40. Rd3 Rxb5 41. Rd1 Rd4 42. Ra1 Rc5 43. Rb2 Rxc6 44. Ra7+ Kd6 45. Rxh7 Kc5 46. h4 b5 47. g3 b4 48. Rb7 Rb6 49. Rd7 Kc4 50. Rb1 Nc3 51. Rc7+ Kd3 52. Rb3 Kc2 53. Rcxc3+ bxc3 54. Rxb6 Kd2 55.
Rxg6 Rc4 56. Rd6+ Ke1 57. Rd5 c2 58. Rxe5+ Kxf2 59. Rxf5+ Ke2 60. Re5+ Kd2 61. Rd5+ Kc3 0-1